 Dungeon Crawl Stone Soup version 0.23.1 (webtiles) character file.

Game seed: 5667243438439025398

107 Borgoz the Skirmisher (level 4, -18/40 HPs)
             Began as a Ghoul Monk on Mar 18, 2019.
             Demolished by an ogre
             ... wielding a +0 giant club
              (22 damage)
             ... on level 4 of the Dungeon.
             The game lasted 00:05:01 (2349 turns).

Borgoz the Skirmisher (Ghoul Monk)                  Turns: 2349, Time: 00:05:03

Health: -18/40     AC:  6    Str: 14    XL:     4   Next: 85%
Magic:  3/3        EV: 12    Int:  5    God:
Gold:   104        SH:  0    Dex: 12    Spells: 3/3 levels left

rFire    . . .     SeeInvis .   a - +0 short sword
rCold    + . .     Gourm    .   (no shield)
rNeg     + + +     Faith    .   r - +0 ring mail
rPois    ∞         Spirit   .   (no helmet)
rElec    .         Reflect  .   (no cloak)
rCorr    .         Harm     .   h - +0 pair of gloves
MR       .....                  (no boots)
Stlth    ..........             (no amulet)
HPRegen  0.00/turn              p - ring of attention (curse)
MPRegen  0.08/turn              (no ring)

@: rotting
A: rotting body, claws 1, carnivore, cold resistance 1, negative energy
resistance 3, inhibited regeneration, torment resistance, unbreathing
a: no special abilities


You were on level 4 of the Dungeon.
You were not hungry.

You visited 1 branch of the dungeon, and saw 4 of its levels.

You collected 104 gold pieces.

Inventory:

Hand Weapons
 a - a +0 short sword (weapon)
Missiles
 d - 2 tomahawks (quivered)
Armour
 h - a +0 pair of gloves (worn)
 k - a +0 crystal plate armour
 r - a +0 ring mail (worn)
Jewellery
 p - a cursed ring of attention (left hand)
 t - an uncursed amulet of rage {unknown}
Scrolls
 b - a scroll of immolation {unknown}
 e - 4 scrolls of identify {unknown}
 f - 3 scrolls of remove curse {unknown}
 m - a scroll of magic mapping {unknown}
 o - a scroll of noise {unknown}
 s - a scroll of teleportation {unknown}
Potions
 g - a potion of flight {unknown}
 i - a potion of agility {unknown}
 j - 2 potions of curing {unknown}
 n - a potion of degeneration {unknown}
 q - a potion of might {unknown}
Comestibles
 c - 6 rations


   Skills:
 + Level 3.8 Fighting
 * Level 3.6 Short Blades
 * Level 0.5 Armour
 * Level 3.4 Dodging
 + Level 2.9 Stealth


You had 3 spell levels left.
You didn't know any spells.
Your spell library was empty.

Dungeon Overview and Level Annotations

Branches:
Dungeon (4/15)             Temple (0/1) D:4

Altars:


Innate Abilities, Weirdness & Mutations

Your body is rotting away.
You thrive on raw meat.
You are immune to poison.
You have sharp fingernails.
You are carnivorous and can eat meat at any time.
Your flesh is cold resistant. (rC+)
You are immune to negative energy. (rN+++)
You do not regenerate when monsters are visible.
You are immune to unholy pain and torment.
You can survive without breathing.


Message History

An iguana comes into view.
The iguana hisses angrily.
You hit the ogre.
The ogre is lightly wounded.
The ooze hits you but does no damage. The adder bites you but does no damage.
The ogre hits you with a +0 giant club!!
* * * LOW HITPOINT WARNING * * *
You are too injured to fight recklessly!
You are too injured to fight recklessly!
You are too injured to fight recklessly!
You are too injured to fight recklessly!
You are too injured to fight recklessly!
You hit the ooze.
The ooze is lightly wounded.
The adder bites you.
* * * LOW HITPOINT WARNING * * *
The ooze misses you.
The ogre hits you with a +0 giant club!!
Ouch! That really hurt!
You die...

#..##....#
#..##....#
#........#
#........#
##...#...###
######....!###.
....)..........
....#.#.#.#.#..
.......@.......
....#.SOJ...#..
..............#
+##.#...>...#.#
#...........#
#.#.......#.#
#....l......#
..#.#.#.#.#.#


You could see an ogre, an iguana, an ooze and an adder.

Vanquished Creatures
  A gnoll (D:1)
  3 adders
  2 worms (D:2)
  3 dart slugs
  A leopard gecko (D:2)
  6 orcs (D:3)
  10 bats
  2 giant cockroaches
  7 goblins
  2 hobgoblins (D:1)
  5 kobolds
  A ball python (D:2)
  4 frilled lizards (D:1)
  5 rats (D:1)
52 creatures vanquished.

Notes
Turn   | Place    | Note
-------+----------+-------------------------------------------
     0 | D:1      | Borgoz the Ghoul Monk began the quest for the Orb.
     0 | D:1      | Reached XP level 1. HP: 19/19 MP: 0/0
    84 | D:1      | Reached XP level 2. HP: 18/26 MP: 1/1
   491 | D:1      | Reached XP level 3. HP: 16/31 MP: 2/2
  1360 | D:2      | Reached XP level 4. HP: 29/40 MP: 3/3
  2342 | D:4      | Found a staircase to the Ecumenical Temple.
  2343 | D:4      | Noticed an ogre
  2349 | D:4      | Demolished by an ogre

Skill      XL: |  1  2 |
---------------+-------+-----
Short Blades   | 3 |  3.6
Dodging        | 3 |  3.4
Fighting       | |  3.8
Armour         | |  0.5
Stealth        | |  2.9

Action                   |  1- 3 |  4- 6 || total
-------------------------+-------+-------++-------
Melee: Short sword       |   114 |    96 ||   210
 Stab: Sleeping          |     4 |     2 ||     6
  Eat: Chunk             |     6 |     4 ||    10
Armor: Robe              |    14 |    22 ||    36
       Ring mail         |       |     7 ||     7
Dodge: Dodged            |    62 |    60 ||   122
